 Dungeon Crawl Stone Soup version 0.25-a0-287-g56a5b49892 (webtiles) character file.

Game seed: 6438978435265409166, levelgen mode: deterministic

89917 floatRand the Hand of Fortune (level 16, -2/110 HPs)
             Began as a Formicid Fighter on Dec 12, 2019.
             Was the Champion of Nemelex Xobeh.
             Killed from afar by Azrael (19 damage)
             ... with damnation
             ... on level 1 of the Orcish Mines.
             The game lasted 00:52:14 (29844 turns).

floatRand the Hand of Fortune (Formicid Fighter)   Turns: 29844, Time: 00:52:15

Health: -2/110     AC: 18    Str: 21    XL:     16   Next: 45%
Magic:  28/28      EV: 13    Int: 10    God:    Nemelex Xobeh [******]
Gold:   1796       SH: 13    Dex: 15    Spells: 15/15 levels left

rFire    . . .     SeeInvis +   V - +8 frozen axe "Frostbite" {freezing cloud, *Noise +Fly rC+}
rCold    + . .     Gourm    .   c - +0 shield
rNeg     + + .     Faith    .   z - +0 storm dragon scales
rPois    +         Spirit   .   (helmet unavailable)
rElec    +         Reflect  .   (no cloak)
rCorr    .         Harm     .   k - +2 pair of gloves
MR       ++...                  q - +0 pair of boots
Stlth    +.........             (no amulet)
HPRegen  0.28/turn              E - ring of poison resistance
MPRegen  0.21/turn              F - ring "Puakk" {rN++ MR+}

@: liquid flames, glowing
A: permanent stasis, dig shafts and tunnels, four strong arms, antennae 3
a: Dig, Shaft Self, Draw Escape, Draw Destruction, Draw Summoning, Triple Draw,
Deal Four, Stack Five, Renounce Religion, Evoke Flight


You were on level 1 of the Orcish Mines.
You worshipped Nemelex Xobeh.
Nemelex Xobeh was exalted by your worship.
You were not hungry.

You visited 3 branches of the dungeon, and saw 22 of its levels.
You also visited: Bailey.

You collected 1886 gold pieces.
You spent 90 gold pieces at shops.

Inventory:

Hand Weapons
 K - a +1 hand axe of flaming
 O - a +2 halberd of protection
 P - a +0 halberd of venom
 V - the +8 frozen axe "Frostbite" (weapon) {freezing cloud, *Noise +Fly rC+}
   (You took it off an orc priest on level 12 of the Dungeon)

   It has been specially enchanted to freeze those struck by it, causing extra
   injury to most foes and up to half again as much damage against particularly
   susceptible opponents.
   It can also slow down cold-blooded creatures.
   It protects you from cold.
   It lets you fly.
   It may make noises in combat.
Missiles
 N - 8 throwing nets (quivered)
Armour
 c - a +0 shield (worn)
 k - a +2 pair of gloves (worn)
 l - a +2 plate armour of fire resistance
 q - a +0 pair of boots (worn)
 z - +0 storm dragon scales (worn)
 H - a +1 scale mail of poison resistance
Jewellery
 e - an uncursed ring of protection from fire
 u - a +4 ring of evasion
 E - a ring of poison resistance (left hand)
 F - the ring "Puakk" (right hand) {rN++ MR+}
   (You found it on level 13 of the Dungeon)

   [ring of protection from magic]

   It greatly protects you from negative energy.
   It affects your resistance to hostile enchantments.
 G - an uncursed ring of stealth
 S - an uncursed ring of protection from fire
 T - a +4 ring of dexterity
 U - an uncursed ring of protection from fire
Wands
 b - a wand of disintegration (14)
 j - a wand of flame (72)
 n - a wand of digging (15)
 w - a wand of acid (14)
 x - a wand of polymorph (11)
 D - a wand of paralysis (9)
 Q - a wand of iceblast (39)
Scrolls
 a - 3 scrolls of enchant weapon
 g - a scroll of holy word
 h - a scroll of random uselessness {unknown}
 o - 4 scrolls of remove curse
 s - 2 scrolls of magic mapping
 y - a scroll of fear
 C - 3 scrolls of amnesia
 I - 2 scrolls of enchant armour
 M - 10 scrolls of identify
 W - a scroll of silence
Potions
 d - a potion of might
 i - 8 potions of brilliance
 m - 3 potions of flight
 p - 5 potions of resistance
 r - 10 potions of curing
 t - 3 potions of cancellation
 v - a potion of heal wounds
 A - 2 potions of agility
 B - 3 potions of mutation
 J - 2 potions of magic
 L - 2 potions of invisibility
 R - 3 potions of ambrosia
Comestibles
 f - 32 rations


   Skills:
 + Level 5.6 Fighting
 * Level 14.6 Axes
 + Level 7.8 Armour
 - Level 8.5 Dodging
 - Level 13.1 Stealth
 + Level 11.5 Shields
 * Level 16.7 Invocations


You had 15 spell levels left.
You didn't know any spells.
Your spell library contained the following spells:

 Spells                   Type           Power        Failure   Level  Hunger
 Animate Skeleton         Necr           N/A          95%         1    ##.....
 Apportation              Tloc           #.....       95%         1    ##.....
 Beastly Appendage        Tmut           #.....       95%         1    ##.....
 Confusing Touch          Hex            #.....       95%         1    ##.....
 Corona                   Hex            #......      95%         1    ##.....
 Foxfire                  Conj/Fire      #...         95%         1    ##.....
 Freeze                   Ice            #...         95%         1    ##.....
 Magic Dart               Conj           #...         95%         1    ##.....
 Pain                     Necr           #...         95%         1    ##.....
 Sting                    Tmut/Pois      #...         95%         1    ##.....
 Summon Small Mammal      Summ           #...         95%         1    ##.....
 Ensorcelled Hibernation  Hex/Ice        #.....       99%         2    ###....
 Poisonous Vapours        Pois/Air       #.....       99%         2    ###....
 Searing Ray              Conj           #.....       99%         2    ###....
 Sticks to Snakes         Tmut           #.......     99%         2    ###....
 Sublimation of Blood     Necr           #.........   99%         2    ###....
 Confuse                  Hex            #.......     100%        3    ####...
 Conjure Flame            Conj/Fire      #.......     100%        3    ####...
 Dazzling Flash           Conj/Hex       #.....       100%        3    ####...
 Ignite Poison            Fire/Tmut/Pois #.......     100%        3    ####...
 Inner Flame              Hex/Fire       #.......     100%        3    ####...
 Mephitic Cloud           Conj/Pois/Air  #.......     100%        3    ####...
 Ozocubu's Armour         Chrm/Ice       #.......     100%        3    ####...
 Recall                   Summ/Tloc      N/A          100%        3    ####...
 Regeneration             Chrm/Necr      #.........   100%        3    ####...
 Spider Form              Tmut/Pois      #.........   100%        3    ####...
 Static Discharge         Conj/Air       #.......     100%        3    ####...
 Summon Guardian Golem    Hex/Summ       #.......     100%        3    ####...
 Tukima's Dance           Hex            #.......     100%        3    ####...
 Vampiric Draining        Necr           #.........   100%        3    ####...
 Animate Dead             Necr           N/A          100%        4    #####..
 Fulminant Prism          Conj/Hex       #.........   100%        4    #####..
 Hailstorm                Conj/Ice       #.......     100%        4    #####..
 Ice Form                 Ice/Tmut       #.......     100%        4    #####..
 Iskenderun's Mystic Bla  Conj/Tloc      #.......     100%        4    #####..
 Olgreb's Toxic Radiance  Pois           #.......     100%        4    #####..
 Petrify                  Tmut/Erth      #.......     100%        4    #####..
 Sticky Flame             Conj/Fire      #.......     100%        4    #####..
 Summon Ice Beast         Ice/Summ       #.......     100%        4    #####..
 Alistair's Intoxication  Tmut/Pois      #.......     100%        5    ######.
 Blade Hands              Tmut           #.........   100%        5    ######.
 Bolt of Magma            Conj/Fire/Erth #.........   100%        5    ######.
 Fireball                 Conj/Fire      #.........   100%        5    ######.
 Irradiate                Conj/Tmut      #.........   100%        5    ######.
 Iskenderun's Battlesphe  Conj/Chrm      #.......     100%        5    ######.
 Lightning Bolt           Conj/Air       #.........   100%        5    ######.
 Summon Demon             Summ           #.........   100%        5    ######.
 Eringya's Noxious Bog    Tmut/Pois      #.........   100%        6    #######
 Iron Shot                Conj/Erth      #.........   100%        6    #######
 Statue Form              Tmut/Erth      #........    100%        6    #######
 Orb of Destruction       Conj           #.........   100%        7    #######
 Spellforged Servitor     Conj/Summ      #.........   100%        7    #######
 Ignition                 Fire           #.........   100%        8    #######
 Shatter                  Erth           #.........   100%        9    #######
 Tornado                  Air            #.........   100%        9    #######


Dungeon Overview and Level Annotations

Branches:
Dungeon (14/15)            Temple (0/1) D:5            Lair (6/6) D:8
 Shoals (0/4) Lair:3       Spider (0/4) Lair:2        Slime (0/5) Lair:6
    Orc (2/2) D:10         Vaults (0/5) D:14         Bailey (visited)
    Elf: Orc:2

Altars:
Ashenzari
Dithmenos
Gozag
Hepliaklqana
Nemelex Xobeh
Ru
Sif Muna
Vehumet
Zin
Beogh
Jiyva

Shops:
D:10 !   D:12 }   D:13 }

Annotations:
Lair:2 exclusion: oklob plant
Orc:1 Azrael


Innate Abilities, Weirdness & Mutations

You cannot be hasted, slowed, berserked, paralysed or teleported.
You can dig through walls and to a lower floor.
Your four strong arms can wield two-handed weapons with a shield.
You have a pair of large antennae on your head. (SInv)


Message History

* * * LOW HITPOINT WARNING * * *
Azrael burns you.
* * * LOW HITPOINT WARNING * * *
Unknown command.
Unknown command.
You hit Azrael but do no damage.
You hear the gusting winds of a squall.
Azrael is heavily wounded.
Azrael gestures at you. The sticky flame hits you.
You are covered in liquid flames!
* * * LOW HITPOINT WARNING * * *
You barely miss Azrael.
Azrael is heavily wounded.
You are covered in liquid flames!
* * * LOW HITPOINT WARNING * * *
Azrael gestures at you.
The sphere of damnation explodes!
The damnation engulfs you!!
You die...
Your body disappears without additional glow.

##.#.........###..#...##.##.##
#...#........#........#......#
##....................#..#..##
#...........................#
##.##....#...............#.##
#.......#............##.####
##.#.................####
.##.#.................#
..)............<@†.#.##
.##..............R..##
##......#............#
.....#.#.#..........[##
...####...........).).# .###
##.............## ##
#.........#...#
##...........## ##......#..##


You could see Azrael.

Vanquished Creatures
  A frost giant (D:13)
  Snorg (Orc:2)
  A great orb of eyes (D:13)
  12 hydras
  Erica (D:10)
  A catoblepas (Lair:4)
  2 dancing weapons (D:14)
  A centaur warrior (D:10)
  A merfolk avatar (Lair:6)
  3 two-headed ogres
  3 orc high priests (Orc:2)
  Sonja (D:12)
  A swamp dragon (Lair:6)
  A harpy (Lair:6)
  A deep elf mage (D:13)
  2 orc knights (Bailey)
  Pikel (D:5)
  2 cyclopes
  An orc sorcerer (Orc:1)
  A manticore (shapeshifter) (D:14)
  5 black mambas
  A merfolk siren (Lair:3)
  5 elephants
  A gargoyle (D:13)
  11 spiny frogs
  A freezing wraith (D:13)
  14 komodo dragons
  5 rime drakes
  2 trolls
  8 polar bears
  A wind drake (Lair:6)
  3 merfolk (Lair:3)
  A hornet (Lair:6)
  12 blink frogs
  A slime creature (D:12)
  15 dream sheep
  6 hippogriffs
  A shadow (D:11)
  A water elemental (D:14)
  A vampire (D:13)
  2 wraiths
  5 wyverns
  Sigmund (D:2)
  32 yaks
  Eustachio (D:6)
  3 fire elementals (Orc:2)
  2 basilisks
  3 vampire mosquitoes (D:11)
  4 wargs
  A hell hound (Orc:2)
  15 water moccasins
  4 porcupines
  16 orc warriors
  4 sky beasts
  8 ice beasts
  A black bear (Lair:4)
  2 eyes of draining
  A hornet zombie (D:9)
  8 necrophages
  4 boggarts (Lair:6)
  14 ogres
  3 phantoms
  14 wolves
  5 centaurs
  16 crocodiles
  A crocodile (shapeshifter) (D:14)
  6 big kobolds
  20 bullfrogs
  4 gnoll sergeants
  6 scorpions
  9 killer bees
  6 wights
  2 electric eels
  5 howler monkeys
  2 crimson imps
  3 centaur zombies
  3 jellies
  4 bullfrog zombies
  16 hounds
  17 orc priests
  2 bullfrog skeletons
  10 orc wizards
  3 gnoll shamans (D:10)
  Jessica (D:2)
  2 centaur skeletons
  3 iguanas
  A hell rat (Lair:1)
  16 worker ants
  A hound skeleton (D:7)
  A worker ant zombie (D:9)
  46 gnolls
  8 adders
  A shadow imp (D:12)
  6 worms
  A dart slug (D:4)
  8 leopard geckos
  84 orcs
  6 giant cockroaches
  12 hobgoblins
  14 jackals
  13 kobolds
  7 quokkas
  A ball python (D:2)
  6 bats
  10 frilled lizards
  2 giant cockroach zombies
  17 goblins
  A jackal zombie (D:5)
  A quokka skeleton (D:9)
  A quokka zombie (D:6)
  11 rats
  6 fungi
  8 plants (Lair:6)
716 creatures vanquished.

Vanquished Creatures (collateral kills)
  An orc warlord (Bailey)
  The ghost of Caxzued the Thaumaturge, a journeyman OpTm of Gozag (Lair:1)
  A salamander (D:13)
  2 hippogriffs (Lair:1)
  A water moccasin (Lair:1)
  A porcupine (Lair:6)
  2 orc warriors (Bailey)
  A big kobold (shapeshifter) (D:13)
  An electric eel (Lair:6)
  2 gnolls (Bailey)
  An orc (Bailey)
  2 goblins (Bailey)
16 creatures vanquished.

Vanquished Creatures (others)
  An orc high priest (Orc:2)
  A cyclops (Orc:2)
  A komodo dragon (Lair:4)
  A warg (Orc:2)
  An ogre (Orc:2)
  3 orc priests (Orc:2)
  An orc wizard (D:5)
  2 ball lightnings (Orc:2)
  A leopard gecko (D:5)
  6 orcs
  A giant cockroach (D:5)
  10 fungi
  19 plants
  5 toadstools (D:11)
53 creatures vanquished.

Grand Total: 785 creatures vanquished

Notes
Turn   | Place    | Note
-------+----------+-------------------------------------------
     0 | D:1      | floatRand the Formicid Fighter began the quest for the Orb.
     0 | D:1      | Reached XP level 1. HP: 18/18 MP: 1/1
   287 | D:1      | Reached XP level 2. HP: 24/24 MP: 2/2
   308 | D:1      | Reached skill level 1 in Stealth
   400 | D:1      | Found a sparkling altar of Nemelex Xobeh.
   616 | D:1      | Became a worshipper of Nemelex Xobeh the Trickster
   657 | D:1      | Received a gift from Nemelex Xobeh
   705 | D:1      | Reached XP level 3. HP: 28/29 MP: 3/3
   860 | D:2      | Noticed Jessica
   869 | D:2      | Killed Jessica
   869 | D:2      | Reached skill level 1 in Dodging
   998 | D:2      | Reached XP level 4. HP: 33/35 MP: 4/4
  1274 | D:2      | Reached XP level 5. HP: 39/41 MP: 5/5
  1422 | D:2      | You fall into a shaft and drop 2 floors!
  1431 | D:4      | Reached skill level 1 in Invocations
  1432 | D:4      | Noticed an ogre
  1458 | D:4      | Killed an ogre
  1458 | D:4      | Reached skill level 2 in Invocations
  1458 | D:4      | Reached XP level 6. HP: 10/47 MP: 5/7
  1715 | D:4      | Reached * piety under Nemelex Xobeh
  1721 | D:4      | Found a shimmering blue altar of Sif Muna.
  1995 | D:2      | Noticed Sigmund
  2044 | D:2      | Killed Sigmund
  2044 | D:2      | Reached skill level 5 in Shields
  2044 | D:2      | Reached skill level 3 in Invocations
  2044 | D:2      | Reached XP level 7. HP: 17/52 MP: 7/9
  2070 | D:2      | HP: 2/52 [poisoned by Sigmund]
  2077 | D:2      | HP: 2/52 [poisoned by Sigmund]
  2085 | D:2      | HP: 1/52 [poisoned by Sigmund]
  2313 | D:2      | Found a hazy altar of Hepliaklqana.
  2314 | D:2      | Found a sacrificial altar of Ru.
  3020 | D:3      | You fall into a shaft and drop 3 floors!
  3064 | D:5      | Entered Level 5 of the Dungeon
  3066 | D:5      | Found a staircase to the Ecumenical Temple.
  3072 | D:5      | Reached skill level 4 in Invocations
  3087 | D:5      | Noticed Pikel
  3110 | D:5      | Killed Pikel
  3110 | D:5      | Reached skill level 5 in Axes
  3110 | D:5      | Reached skill level 5 in Invocations
  3110 | D:5      | Reached XP level 8. HP: 45/58 MP: 11/11
  3253 | D:5      | Reached skill level 5 in Stealth
  3493 | D:4      | Reached ** piety under Nemelex Xobeh
  3566 | D:4      | Received a gift from Nemelex Xobeh
  3810 | D:4      | Found an opulent altar of Gozag.
  3811 | D:4      | Found a sparkling altar of Nemelex Xobeh.
  4104 | D:4      | Found a radiant altar of Vehumet.
  4376 | D:3      | Received a gift from Nemelex Xobeh
  4516 | D:5      | Reached skill level 6 in Invocations
  4516 | D:5      | Reached XP level 9. HP: 21/64 MP: 13/13
  4817 | D:5      | Found Zin's Purification Station.
  4820 | D:5      | Found a glowing silver altar of Zin.
  4827 | D:5      | Bought a potion of curing for 90 gold pieces
  5509 | D:6      | Reached skill level 7 in Invocations
  5618 | D:6      | Reached *** piety under Nemelex Xobeh
  5867 | D:6      | Identified the Tome of the Entourage and Clay
  5967 | D:6      | Got an ancient mace
  5968 | D:6      | Identified the +2 mace of the Secret Curses {drain, rC+}
                  | (You found it on level 6 of the Dungeon)
  5987 | D:6      | Noticed Eustachio
  6018 | D:6      | Killed Eustachio
  6181 | D:6      | Received a gift from Nemelex Xobeh
  6484 | D:7      | Reached XP level 10. HP: 52/70 MP: 15/15
  6590 | D:7      | Reached skill level 8 in Invocations
  7598 | D:8      | Received a gift from Nemelex Xobeh
  8106 | D:8      | Found a staircase to the Lair.
  8207 | D:8      | Found a shadowy altar of Dithmenos.
  8628 | D:9      | Reached skill level 5 in Dodging
  9464 | D:8      | Reached skill level 9 in Invocations
  9824 | D:9      | Received a gift from Nemelex Xobeh
  9826 | D:9      | Reached **** piety under Nemelex Xobeh
 10228 | D:9      | Noticed a two-headed ogre
 10230 | D:9      | Killed a two-headed ogre
 10230 | D:9      | Reached XP level 11. HP: 74/74 MP: 16/18
 10380 | D:10     | Entered Level 10 of the Dungeon
 10380 | D:10     | Found a flagged portal.
 10381 | D:10     | Found a staircase to the Orcish Mines.
 10577 | Bailey   | Entered a bailey
 10680 | Bailey   | HP: 1/74 [orc warrior/+0 hand axe (14)]
 10910 | Bailey   | Noticed an orc knight
 10926 | Bailey   | Killed an orc knight
 10926 | Bailey   | Reached skill level 10 in Invocations
 11149 | Bailey   | Noticed an orc knight
 11156 | Bailey   | Killed an orc knight
 11856 | Bailey   | Noticed an orc warlord
 11867 | Bailey   | Killed an orc warlord
 11970 | Bailey   | Reached skill level 10 in Axes
 11970 | Bailey   | Reached skill level 11 in Invocations
 11970 | Bailey   | Reached XP level 12. HP: 81/81 MP: 18/20
 11971 | Bailey   | Reached skill level 10 in Stealth
 11971 | Bailey   | Reached skill level 12 in Invocations
 11971 | Bailey   | Reached XP level 13. HP: 90/90 MP: 18/22
 12008 | D:10     | Noticed a centaur warrior
 12035 | D:10     | Killed a centaur warrior
 12302 | D:10     | Received a gift from Nemelex Xobeh
 12556 | D:10     | Noticed a two-headed hydra
 12560 | D:10     | Killed a one-headed hydra
 12560 | D:10     | Reached skill level 10 in Shields
 12830 | D:10     | Reached skill level 13 in Invocations
 13234 | D:10     | Noticed Erica
 13262 | D:10     | Killed Erica
 13365 | D:10     | Found Xotuom's Distillery.
 14210 | D:11     | Reached XP level 14. HP: 96/96 MP: 23/23
 14814 | Lair:1   | Entered Level 1 of the Lair of Beasts
 14929 | Lair:1   | Found a runed translucent gate.
 14929 | Lair:1   | Found a runed translucent gate.
 14929 | Lair:1   | Found a runed translucent gate.
 14930 | Lair:1   | Received a gift from Nemelex Xobeh
 14932 | Lair:1   | Noticed Caxzued's ghost (journeyman OpTm)
 15113 | Lair:1   | Killed Caxzued's ghost
 16383 | Lair:1   | Received a gift from Nemelex Xobeh
 17077 | Lair:2   | Reached skill level 14 in Invocations
 17474 | Lair:2   | Found a hole to the Spider Nest.
 17716 | Lair:2   | Reached ***** piety under Nemelex Xobeh
 17727 | Lair:2   | Received a gift from Nemelex Xobeh
 18914 | Lair:3   | Received a gift from Nemelex Xobeh
 19130 | Lair:3   | Found a staircase to the Shoals.
 19883 | Lair:4   | Received a gift from Nemelex Xobeh
 20237 | Lair:4   | Reached skill level 5 in Armour
 20621 | Lair:4   | Received a gift from Nemelex Xobeh
 20987 | Lair:4   | Received a gift from Nemelex Xobeh
 21085 | Lair:4   | Reached XP level 15. HP: 83/100 MP: 26/26
 21996 | Lair:5   | Reached skill level 15 in Invocations
 22260 | Lair:5   | Received a gift from Nemelex Xobeh
 22773 | Lair:6   | Entered Level 6 of the Lair of Beasts
 22773 | Lair:6   | Found a staircase to the Slime Pits.
 22773 | Lair:6   | Found a viscous altar of Jiyva.
 23210 | Lair:6   | Received a gift from Nemelex Xobeh
 25073 | Lair:6   | Reached ****** piety under Nemelex Xobeh
 25073 | Lair:6   | Received a gift from Nemelex Xobeh
 25581 | D:12     | Noticed Sonja
 25595 | D:12     | Killed Sonja
 25595 | D:12     | Reached skill level 16 in Invocations
 26366 | D:12     | Received a gift from Nemelex Xobeh
 26377 | D:12     | Found Sietefuun's Gadget Shoppe.
 26950 | D:13     | Received a gift from Nemelex Xobeh
 27066 | D:13     | Got a warped quarterstaff
 27089 | D:13     | Identified the +8 quarterstaff of Hawig {pain, *Noise rN++
                  | MP+9} (You found it on level 13 of the Dungeon)
 27199 | D:13     | Reached XP level 16. HP: 71/107 MP: 24/28
 27340 | D:13     | Received a gift from Nemelex Xobeh
 27462 | D:13     | Found Zosulih's Gadget Emporium.
 27503 | D:13     | Noticed a storm dragon
 27512 | D:13     | a storm dragon changed into a six-headed hydra
 27512 | D:13     | Noticed a frost giant
 27520 | D:13     | Killed a frost giant
 27531 | D:13     | Reached skill level 5 in Fighting
 27701 | D:13     | Got a vibrating marble ring
 27707 | D:13     | Identified the ring "Puakk" {rN++ MR+} (You found it on
                  | level 13 of the Dungeon)
 28045 | D:14     | Received a gift from Nemelex Xobeh
 28351 | D:14     | Found a gate to the Vaults.
 28447 | D:14     | Found a shattered altar of Ashenzari.
 28559 | D:14     | Found a glowing silver altar of Zin.
 29065 | Orc:1    | Entered Level 1 of the Orcish Mines
 29100 | Orc:1    | Received a gift from Nemelex Xobeh
 29249 | Orc:2    | Entered Level 2 of the Orcish Mines
 29268 | Orc:2    | Found a roughly hewn altar of Beogh.
 29268 | Orc:2    | Noticed Snorg
 29276 | Orc:2    | Killed Snorg
 29417 | Orc:2    | Noticed Azrael
 29447 | Orc:2    | HP: 5/109 [orc high priest/+0 morningstar (8)]
 29844 | Orc:1    | Killed from afar by Azrael

Levels and vault maps discovered:
D:1:      dpeg_arrival_another_circle, layout_basic,
          nemelex_xobeh_ov_fountains_minmay
D:2:      minmay_wonky_spiral, layout_loops_ring,
          gammafunk_temple_overflow_pools, uniq_sigmund, uniq_jessica
D:3:      layout_rooms, grunt_ministairs_10
D:4:      layout_basic, grunt_temple_overflow_opulence, marbit_many_paths,
          led_sif_pool, first_ration
D:5:      layout_gridville, zin_purify, minmay_temple_entry_wispy, uniq_pikel
D:6:      layout_loops_ring, uniq_eustachio
D:7:      layout_loops_cross
D:8:      layout_basic, grunt_dithmenos_smoke, lair_entry_dummy
D:9:      layout_irregular_city
D:10:     layout_cross, orc_0_dummy, serial_gnoll_camp,
          gnoll_camp_mini_sergeant, gnoll_camp_medium_02, gnoll_camp_medium_01,
          gnoll_camp_mini_doghouse, gnoll_camp_mini_house, enter_bailey_2,
          serial_shops, kennysheep_mini, hangedman_ranch
          [blue_anna_fruit_fields], eino_tiny_chamber,
          minmay_misc_feat_four_crosses, grunt_tough_drop, uniq_erica
D:11:     layout_rooms, minmay_gold_behind_fungi
D:12:     minmay_coctagon, layout_basic, serial_shops, kennysheep_mini_moat,
          uniq_sonja
D:13:     layout_roguey, serial_shops, shop, minmay_checkered_concentric_circles
D:14:     layout_cave_pools, erik_vaults_1, serial_column_ruins,
          column_ruins_hut, column_ruins_grid_3, column_ruins_open_tiny,
          column_ruins_open_medium, column_ruins_columns_straight,
          column_ruins_open_small_water, column_ruins_grid_1,
          column_ruins_corridor_straight, chequers_big_river,
          hangedman_feature_mirror, kennysheep_generic_room_11
Lair:1:   layout_big_grid, gammafunk_ghost_split
Lair:2:   layout_cave_pods, spider_nest_entry_web_field, roderic_carrion_pond
Lair:3:   layout_long_grid, elwin_shoals_entry_stream, serial_bayou_shore_a,
          infiniplex_staircase_pool
Lair:4:   layout_roguey, infiniplex_staircase_pool_2
Lair:5:   layout_long_grid, grunt_megastairs_1
Lair:6:   gammafunk_lair_ancient_temple, layout_loops_ring, slime_altar_1,
          kilobyte_rumbling_trees
Orc:1:    layout_caves, uniq_fannar, uniq_gastronok
Orc:2:    st_orc_town, layout_caves, mines2_david, uniq_snorg, uniq_azrael

Skill      XL: |  1  2  3  4  5  6  7  8  9 10 11 12 13 14 15 16 |
---------------+-------------------------------------------------+-----
Stealth        | 1 2 3 4 5 6 7 9 10 11 12 13 | 13.1
Dodging        | 1 2 3 4 5 6 7 8 |  8.5
Shields        | 4 5 6 7 8 9 10 11 | 11.5
Axes           | 3 4 5 7 8 10 11 13 14 | 14.6
Invocations    | 2 3 5 6 7 9 11 12 13 14 16 | 16.7
Fighting       | 4 5 |  5.6
Armour         | 4 5 7 |  7.8

Action                   |  1- 3 |  4- 6 |  7- 9 | 10-12 | 13-15 | 16-18 || total
-------------------------+-------+-------+-------+-------+-------+-------++-------
Melee: War axe           |    15 |       |       |       |       |       ||    15
       Dagger            |    56 |   135 |   403 |   319 |       |       ||   913
       Unarmed           |       |       |     3 |       |       |       ||     3
       Battleaxe         |       |       |       |   244 |   245 |       ||   489
       Halberd           |       |       |       |       |  1529 |       ||  1529
       Hand axe          |       |       |       |       |   348 |       ||   348
       Executioner's axe |       |       |       |       |    45 |   138 ||   183
 Abil: Draw Destruction  |       |     1 |       |     9 |    32 |    14 ||    56
       Draw Summoning    |       |       |       |     4 |     6 |     2 ||    12
       Draw Escape       |       |       |       |       |     3 |       ||     3
       Dig               |       |       |       |       |     1 |       ||     1
Evoke: Wand              |       |       |     1 |       |       |       ||     1
  Use: Scroll            |       |       |    15 |     7 |    11 |     1 ||    34
       Potion            |       |       |       |     3 |       |     1 ||     4
 Stab: Sleeping          |       |       |     4 |     5 |       |     1 ||    10
       Distracted        |       |       |       |       |     1 |       ||     1
  Eat: Chunk             |       |     4 |    14 |    19 |    46 |     7 ||    90
       Ration            |       |       |       |       |     2 |     1 ||     3
Armor: Scale mail        |    28 |    37 |    81 |   133 |     5 |       ||   284
       Plate armour      |       |       |       |       |   892 |    17 ||   909
       Storm dragon scal |       |       |       |       |       |    49 ||    49
Dodge: Dodged            |    19 |    44 |   167 |   374 |  1086 |    80 ||  1770
Block: Shield            |    31 |    47 |   183 |   374 |  1519 |    94 ||  2248

Table legend:
 A = Non-vault XP
 B = Vault XP
 C = Vault XP percentage of total XP
 D = Non-vault monster count
 E = Vault monster count
 F = Vault count percentage of total count
                 A         B        C        D         E       F
            +---------+---------+-------+---------+---------+-------
      Total |   62907 |   40439 |  39.1 |     492 |     236 |  32.4
            +---------+---------+-------+---------+---------+-------
        D:1 |      31 |       0 |   0.0 |      20 |       0 |   0.0
        D:2 |     233 |     255 |  52.3 |      33 |       6 |  15.4
        D:3 |     102 |       3 |   2.9 |      20 |       2 |   9.1
        D:4 |     451 |       0 |   0.0 |      17 |       0 |   0.0
        D:5 |     643 |     593 |  48.0 |      13 |       1 |   7.1
        D:6 |    1223 |     196 |  13.8 |      32 |       1 |   3.0
        D:7 |    1183 |       0 |   0.0 |      22 |       0 |   0.0
        D:8 |    1015 |       0 |   0.0 |      22 |       0 |   0.0
        D:9 |    1931 |       0 |   0.0 |      20 |       0 |   0.0
       D:10 |     964 |    5301 |  84.6 |      18 |      51 |  73.9
       D:11 |    4691 |       0 |   0.0 |      37 |       0 |   0.0
       D:12 |    3429 |    2587 |  43.0 |      41 |       9 |  18.0
       D:13 |    5274 |    3762 |  41.6 |      21 |       5 |  19.2
       D:14 |    1809 |    2472 |  57.7 |      15 |       4 |  21.1
     Lair:1 |    6526 |    2164 |  24.9 |      30 |       6 |  16.7
     Lair:2 |    4579 |     605 |  11.7 |      15 |       5 |  25.0
     Lair:3 |    3507 |    1384 |  28.3 |      16 |       4 |  20.0
     Lair:4 |    6960 |       0 |   0.0 |      20 |       0 |   0.0
     Lair:5 |    5246 |    1557 |  22.9 |      24 |       7 |  22.6
     Lair:6 |   10530 |    9416 |  47.2 |      34 |      32 |  48.5
      Orc:1 |    1276 |     149 |  10.5 |       7 |       1 |  12.5
      Orc:2 |    1304 |    6194 |  82.6 |      15 |      33 |  68.8
     Bailey |       0 |    3801 | 100.0 |       0 |      69 | 100.0
            +---------+---------+-------+---------+---------+-------
